 Dungeon Crawl Stone Soup version 0.26-a0-228-g29f007ebfe (webtiles) character file.

Game seed: 7407914057195139139

70 Archison the Conjurer (level 4, -5/21 HPs)
             Began as a Spriggan Conjurer on July 6, 2020.
             Slain by a kobold
             ... wielding a +0 flail
              (9 damage)
             ... on level 2 of the Dungeon on July 7, 2020.
             The game lasted 00:09:52 (2129 turns).

Archison the Conjurer (Spriggan Conjurer)           Turns: 2129, Time: 00:09:53

Health: -5/21      AC:  2    Str:  3    XL:     4   Next: 3%
Magic:  10/10      EV: 18    Int: 20    God:
Gold:   156        SH:  0    Dex: 14    Spells: 8/9 levels left

rFire    . . .     SeeInvis +   (weapon restricted)
rCold    . . .     Faith    .   (shield restricted)
rNeg     . . .     Spirit   .   a - +0 robe
rPois    .         Reflect  .   (helmet restricted)
rElec    .         Harm     .   (no cloak)
rCorr    .                      (gloves unavailable)
MR       .....                  (boots unavailable)
Stlth    ++........             (no amulet)
HPRegen  0.07/turn              (no ring)
MPRegen  0.12/turn              (no ring)

@: lethally poisoned (-5 -> -8), very slightly contaminated, hasted, very quick
A: very small, unfitting armour, see invisible, herbivore, speed 3, slow
metabolism 2
a: no special abilities


You were on level 2 of the Dungeon.
You were not hungry.

You visited 1 branch of the dungeon, and saw 2 of its levels.

You collected 156 gold pieces.

Inventory:

Hand Weapons
 j - a +0 dagger
 k - a +0 short sword of distortion
 l - a +1 dagger
Missiles
 m - 92 stones (quivered)
Armour
 a - a +0 robe (worn)
Scrolls
 g - a scroll of teleportation {unknown}
 i - a scroll of remove curse {unknown}
 n - a scroll of identify {unknown}
Potions
 b - a potion of lignification
 d - a potion of flight {unknown}
Comestibles
 c - 4 rations


   Skills:
 + Level 3.3 Dodging
 + Level 3.1 Stealth
 + Level 3.4 Spellcasting
 + Level 3.8 Conjurations


You had 8 spell levels left.
You knew the following spells:

 Your Spells              Type           Power        Failure   Level
a - Magic Dart            Conj           ###.         2%          1

Your spell library contained the following spells:

 Spells                   Type           Power        Failure   Level
 Searing Ray              Conj           ###...       4%          2
 Dazzling Flash           Conj/Hex       ##....       19%         3
 Fulminant Prism          Conj/Hex       ##........   52%         4
 Iskenderun's Mystic Bla  Conj/Tloc      ##......     52%         4


Dungeon Overview and Level Annotations

Branches:
Dungeon (2/15)

Altars:
Elyvilon


Innate Abilities, Weirdness & Mutations

You are very small and have problems with some larger weapons.
You are too small for most types of armour.
You have supernaturally acute eyesight. (SInv)
You are a herbivore.
You cover ground extremely quickly.
You need to consume almost no food.


Message History

Your +0 dagger glows red for a moment.
The adder misses you. The kobold misses you. The rat closely misses you.
Casting: Magic Dart (safe; 2% risk of failure)
Confirm with . or Enter, or press ? or * to list all spells.
Aiming: Magic Dart (safe; 2% risk of failure)
Press: ? - help, Shift-Dir - straight line, f - rat
Aim: a rat The magic dart hits the rat.
The rat is severely wounded.
The hobgoblin misses you. The adder bites you but does no damage.
The kobold hits you with a +0 flail. The rat barely misses you.
It was a potion of haste.
You feel yourself speed up. The adder bites you.
* * * LOW HITPOINT WARNING * * *
You are poisoned.
The adder poisons you! The hobgoblin closely misses you.
The rat completely misses you. The adder completely misses you.
It was a potion of magic.
Magic courses through your body.
* * * LOW HITPOINT WARNING * * *
You feel sick. The kobold hits you with a +0 flail!
You die...

#.†....# #...... #
####..###.# .†..##.## ..
#....## #.# ..## #.#
#).###....# #.### ..< #.#
.....†....####...## #...#
#.#
##.##.....).......####...#
#.#
....##.##.#####..........
.. ....##.##.# #rK...#..#
... ....##.#..# #@S......#
.... ....##...##
#†g..##..## .....
........###
#(........#......
......[....##
#.......(.S......
........##..#
#....#..##...g...
....###..##.## #....#..#
....... .............#
#....#..# .......
......#>##...# #....#..#
#......
)##.#.....#.>########.##
.#####


You could see an adder, a hobgoblin, a kobold and a rat.

Vanquished Creatures
  3 adders
  An ooze (D:1)
  A dart slug (D:1)
  A leopard gecko (D:1)
  A ball python (D:1)
  6 bats
  3 giant cockroaches (D:2)
  4 goblins (D:1)
  2 hobgoblins (D:1)
  A quokka (D:2)
  A frilled lizard (D:2)
  6 kobolds
  6 rats
36 creatures vanquished.

Vanquished Creatures (others)
  3 toadstools (D:1)
3 creatures vanquished.

Grand Total: 39 creatures vanquished

Notes
Turn   | Place    | Note
-------+----------+-------------------------------------------
     0 | D:1      | Archison the Spriggan Conjurer began the quest for the Orb.
     0 | D:1      | Reached XP level 1. HP: 9/9 MP: 5/5
   226 | D:1      | Reached XP level 2. HP: 13/13 MP: 3/6
   470 | D:1      | Found a white marble altar of Elyvilon.
  1308 | D:1      | Upgraded the game from 0.26-a0-224-g2964c8cf50 to
                  | 0.26-a0-228-g29f007ebfe
  1374 | D:1      | Reached XP level 3. HP: 16/16 MP: 1/8
  1895 | D:2      | Reached XP level 4. HP: 21/21 MP: 3/10
  2129 | D:2      | Slain by a kobold

Illustrated notes

Levels and vault maps discovered:
D:1:      minmay_arrival_loop, layout_loops_ring, minmay_gold_behind_fungi,
          kennysheep_flooded_box
D:2:      layout_rooms, serial_curves, eino_curves_01, eino_curves_01,
          uniq_crazy_yiuf_cottage

Skill      XL: |  1  2 |
---------------+-------+-----
Conjurations   | 3 |  3.8
Spellcasting   | 3 |  3.4
Dodging        | |  3.3
Stealth        | |  3.1

Action                   |  1- 3 |  4- 6 || total
-------------------------+-------+-------++-------
Throw: Stone             |     3 |       ||     3
 Cast: Magic Dart        |    73 |     9 ||    82
  Use: Potion            |     1 |     2 ||     3
       Scroll            |       |     1 ||     1
Armor: Skin              |    10 |       ||    10
       Robe              |     2 |     2 ||     4
Dodge: Dodged            |    15 |    25 ||    40

Table legend:
 A = Non-vault XP
 B = Vault XP
 C = Vault XP percentage of total XP
 D = Non-vault monster count
 E = Vault monster count
 F = Vault count percentage of total count
                 A         B        C        D         E       F
            +---------+---------+-------+---------+---------+-------
      Total |     100 |       0 |   0.0 |      36 |       0 |   0.0
            +---------+---------+-------+---------+---------+-------
        D:1 |      51 |       0 |   0.0 |      19 |       0 |   0.0
        D:2 |      49 |       0 |   0.0 |      17 |       0 |   0.0
            +---------+---------+-------+---------+---------+-------
